 Dungeon Crawl Stone Soup version 0.18.1-48-g4cf74bf (webtiles) character file.

6086 Lovchig the Cleaver (level 10, -1/91 HPs)
             Began as a Minotaur Fighter on July 3, 2016.
             Was a High Priest of Pakellas.
             Slain by a basilisk (2 damage)
             ... on level 1 of the Lair of Beasts.
             The game lasted 00:29:28 (8460 turns).

Lovchig the Cleaver (Minotaur Fighter)              Turns: 8460, Time: 00:29:29

Health: -1/91      AC: 20    Str: 26    XL:     10   Next: 58%
Magic:  0/9        EV:  2    Int:  7    God:    Pakellas [*****.]
Gold:   375        SH:  0    Dex: 13    Spells: 0 memorised, 9 levels left

rFire  + . .     SeeInvis .     a - +3 war axe
rCold  + . .     Gourm    .     C - +0 plate armour
rNeg   + + +     Faith    .     c - +0 shield
rPois  ∞         Spirit   +     (helmet restricted)
rElec  +         Dismiss  .     y - +1 cloak
rCorr  .         Reflect  .     s - +0 pair of gloves
SustAt .         Harm     .     F - +0 pair of boots
MR     +....                    H - amulet of guardian spirit
Stlth  ..........               g - ring of protection from magic
                                h - ring of protection from cold

@: mighty, petrified, somewhat resistant to hostile enchantments, extremely
unstealthy
A: retaliatory headbutt, horns 2, molten scales 1, thin skeletal structure 1,
clever 1, fire resistance 1, electricity resistance, weak 1
a: Quick Charge, Device Surge, Renounce Religion


You were on level 1 of the Lair of Beasts.
You worshipped Pakellas.
Pakellas was extremely pleased with you.
You were hungry.

You visited 2 branches of the dungeon, and saw 10 of its levels.
You also visited: Sewer.

You collected 375 gold pieces.

Inventory:

Hand Weapons
 a - a +3 war axe (weapon)
Armour
 c - a +0 shield (worn)
 s - a +0 pair of gloves (worn)
 y - a +1 cloak (worn)
 C - a +0 plate armour (worn)
 F - a +0 pair of boots (worn)
Rods
 x - a +9 rod of inaccuracy (11/11)
   (Pakellas gifted it to you on level 7 of the Dungeon)
Jewellery
 g - a ring of protection from magic (right hand)
 h - a ring of protection from cold (left hand)
 l - an uncursed amulet of harm
 r - an uncursed amulet of the gourmand
 H - an amulet of guardian spirit (around neck)
Wands
 b - a wand of enslavement (12/24)
 v - a wand of flame (27/48)
 D - a wand of lightning (5/15)
 I - a wand of teleportation (5/9)
 K - a wand of flame (11/48)
Scrolls
 t - 4 scrolls of teleportation
 L - a scroll of blinking
Potions
 d - 3 potions of might
 e - 4 potions of resistance
 i - 11 potions of curing
 k - 3 potions of agility
 m - a potion of berserk rage
 o - 2 potions of brilliance
 w - 6 potions of flight
 A - a potion of heal wounds
 E - 2 potions of magic
Miscellaneous
 B - a box of beasts
 G - a disc of storms
 J - a plain deck of changes
Comestibles
 f - 3 bread rations
 j - 31 fruits
 n - 4 meat rations
 p - 2 beef jerkies
 q - a royal jelly
 u - a chunk of flesh
 z - 4 slices of pizza


   Skills:
 * Level 9.5 Fighting
 * Level 10.2 Axes
 * Level 9.9 Armour
 + Level 3.8 Dodging
 + Level 1.0 Stealth
 * Level 9.9 Shields


You had 9 spell levels left.
You didn't know any spells.

Dungeon Overview and Level Annotations

Branches:
Dungeon (9/15)             Temple (0/1) D:5            Lair (1/8) D:9
    Orc: D:9-12

Altars:
Ashenzari
Dithmenos
Elyvilon
Fedhas
Kikubaaqudgha
Makhleb
Nemelex Xobeh
Pakellas
Qazlal
Ru
Trog
Xom
Yredelemnul
Zin
The Shining One

Annotations:
Lair:1 Grum


Innate Abilities, Weirdness & Mutations

You reflexively headbutt those who attack you in melee.
You have a pair of horns on your head.
You are partially covered in molten scales (AC +1).
You have a somewhat thin skeletal structure (Dex +2, Stealth).
Your mind is acute. (Int +2)
Your flesh is heat resistant.
You are resistant to electric shocks.
You are weak. (Str -2)


Message History

The yak gores you but does no damage. Grum hits you but does no damage.
The basilisk bites you!
* * * LOW HITPOINT WARNING * * *
The yak gores you but does no damage. Grum hits you from afar with a spear.
The basilisk gazes at you. You resist with almost no effort.
The yak gores you but does no damage. Grum hits you but does no damage.
The basilisk bites you!
* * * LOW HITPOINT WARNING * * *
The yak gores you!
* * * LOW HITPOINT WARNING * * *
Grum hits you but does no damage. The basilisk gazes at you.
The yak gores you but does no damage. Grum hits you from afar with a spear!
* * * LOW HITPOINT WARNING * * *
The basilisk bites you but does no damage.
The yak gores you but does no damage. Grum hits you but does no damage.
The basilisk bites you.
You die...
Pakellas says: Time to start the next experiment...

.....!..#
..........#
#.!.......#
..........#
..........##
..........P#
.........†##
........$Y@#
.......<.l##
........g.#
P.(..).%..#
..........#
.........##
...[.....#
..........
..........


You could see Grum, a yak and a basilisk.

Vanquished Creatures
  Prince Ribbit (D:8)
  A troll (D:8)
  4 yaks (Lair:1)
  A hippogriff (D:9)
  A human (D:9)
  Menkaure (D:6)
  2 wargs (D:9)
  3 orc warriors
  2 ice beasts
  2 sky beasts (D:9)
  A wasp (D:9)
  2 phantoms (D:7)
  3 wolves (Lair:1)
  5 ogres
  A centaur (D:8)
  4 big kobolds
  9 giant frogs
  A wyvern skeleton (D:7)
  4 killer bees (D:7)
  4 wights (D:7)
  A howler monkey (D:8)
  2 crimson imps (D:5)
  4 hounds
  6 orc priests
  A giant frog zombie (D:6)
  A centaur skeleton (D:9)
  2 jellies (D:8)
  7 orc wizards
  3 giant frog skeletons
  2 iguanas
  7 worker ants
  A killer bee zombie (D:8)
  3 hound skeletons
  A worker ant zombie (D:6)
  A howler monkey zombie (D:5)
  11 gnolls
  12 adders
  7 river rats (Sewer)
  2 oozes
  4 worms
  3 dart slugs (D:3)
  4 giant geckos
  35 orcs
  8 goblins
  4 hobgoblins
  7 jackals
  4 quokkas
  3 ball pythons (Sewer)
  7 bats
  3 giant newts
  A jackal skeleton (D:9)
  26 kobolds
  23 rats
  A fungus (D:4)
  A plant (D:4)
260 creatures vanquished.

Notes
Turn   | Place    | Note
--------------------------------------------------------------
     0 | D:1      | Lovchig the Minotaur Fighter began the quest for the Orb.
     0 | D:1      | Reached XP level 1. HP: 19/19 MP: 0/0
   468 | D:1      | Reached XP level 2. HP: 27/27 MP: 1/1
   967 | D:2      | Reached XP level 3. HP: 33/33 MP: 2/2
  1000 | D:2      | Reached skill level 3 in Axes
  1000 | D:2      | Reached XP level 4. HP: 28/40 MP: 3/3
  1473 | D:3      | Found an oddly glowing altar of Pakellas.
  1488 | D:3      | Became a worshipper of Pakellas the Inventive
  1511 | D:3      | Reached skill level 1 in Dodging
  1521 | D:3      | Reached XP level 5. HP: 31/47 MP: 4/4
  1655 | D:3      | Found a faded altar to an unknown god.
  1680 | D:3      | Reached * piety under Pakellas
  1680 | D:3      | Received a gift from Pakellas
  1732 | D:3      | Found a white marble altar of Elyvilon.
  1821 | D:3      | Gained mutation: You have a somewhat thin skeletal structure (Dex +2, Stealth). [potion of mutation]
  1821 | D:3      | Gained mutation: You are resistant to electric shocks. [potion of mutation]
  1821 | D:3      | Gained mutation: Your flesh is heat resistant. [potion of mutation]
  2050 | D:4      | Reached skill level 5 in Fighting
  2050 | D:4      | Reached skill level 5 in Shields
  2127 | D:4      | Reached skill level 4 in Axes
  2127 | D:4      | Reached skill level 5 in Armour
  2127 | D:4      | Reached XP level 6. HP: 31/56 MP: 5/5
  2674 | D:4      | Reached ** piety under Pakellas
  2674 | D:4      | Received a gift from Pakellas
  2689 | D:4      | Found a sacrificial altar of Ru.
  2774 | D:4      | Reached skill level 5 in Axes
  3101 | D:5      | Entered Level 5 of the Dungeon
  3114 | D:5      | Reached XP level 7. HP: 31/61 MP: 6/6
  3548 | D:5      | Found a staircase to the Ecumenical Temple.
  3616 | D:5      | Reached skill level 6 in Axes
  3840 | D:6      | Reached *** piety under Pakellas
  3840 | D:6      | Received a gift from Pakellas
  3884 | D:6      | Reached XP level 8. HP: 70/70 MP: 7/7
  3934 | D:6      | Found a shattered altar of Ashenzari.
  4232 | D:6      | Found a bloodstained altar of Trog.
  4316 | D:6      | Noticed Menkaure
  4324 | D:6      | Killed Menkaure
  4324 | D:6      | Reached skill level 7 in Axes
  4379 | D:6      | Found a glowing drain.
  4383 | Sewer    | Entered a sewer
  4536 | Sewer    | Reached **** piety under Pakellas
  4536 | Sewer    | Received a gift from Pakellas
  5422 | D:7      | Reached XP level 9. HP: 43/79 MP: 1/8
  5424 | D:7      | Reached skill level 8 in Axes
  5517 | D:7      | Found a sparkling altar of Nemelex Xobeh.
  6009 | D:7      | Reached ***** piety under Pakellas
  6009 | D:7      | Received a gift from Pakellas
  6464 | D:8      | Reached skill level 9 in Axes
  6502 | D:8      | Noticed a troll
  6517 | D:8      | Killed a troll
  6601 | D:8      | Noticed Prince Ribbit
  6622 | D:8      | Killed Prince Ribbit
  6739 | D:8      | Found a glowing golden altar of the Shining One.
  7064 | D:8      | Found a stormy altar of Qazlal.
  7066 | D:8      | Found a blossoming altar of Fedhas.
  7193 | D:8      | Found a basalt altar of Yredelemnul.
  7251 | D:8      | Noticed an angel
  7410 | D:9      | Reached XP level 10. HP: 89/90 MP: 5/9
  7598 | D:9      | Found an ancient bone altar of Kikubaaqudgha.
  7648 | D:9      | Found a glowing silver altar of Zin.
  7674 | D:9      | Found a shimmering altar of Xom.
  7776 | D:9      | Found a staircase to the Lair.
  7841 | D:9      | Found a shadowy altar of Dithmenos.
  7857 | D:9      | Found a runed door.
  7870 | D:9      | Found a burning altar of Makhleb.
  7936 | D:9      | Gained mutation: Your mind is acute. (Int +2) [mutagenic meat]
  7937 | D:9      | Gained mutation: You are frail (-10% HP). [mutagenic meat]
  7938 | D:9      | Gained mutation: You are partially covered in molten scales (AC +1). [mutagenic meat]
  7940 | D:9      | Lost mutation: You are frail (-10% HP). [mutagenic meat]
  7941 | D:9      | Gained mutation: You are weak. (Str -2) [mutagenic meat]
  8232 | D:9      | Found a basalt altar of Yredelemnul.
  8405 | D:9      | Reached skill level 10 in Axes
  8430 | Lair:1   | Entered Level 1 of the Lair of Beasts
  8432 | Lair:1   | Noticed Grum
  8450 | Lair:1   | Reached skill level 1 in Stealth
  8458 | Lair:1   | HP: 3/91 [yak (3)]
  8459 | Lair:1   | HP: 1/91 [Grum/spear (3)]
  8460 | Lair:1   | Slain by a basilisk

Skill      XL: |  1  2  3  4  5  6  7  8  9 10 |
---------------+-------------------------------+-----
Fighting       | 4 5 6 7 8 9 |  9.5
Armour         | 4 5 6 7 8 9 |  9.9
Shields        | 4 5 6 7 9 |  9.9
Axes           | 3 4 5 6 7 9 10 | 10.2
Dodging        | 1 2 3 |  3.8
Stealth        | 1 |  1.0

Action                   |  1- 3 |  4- 6 |  7- 9 | 10-12 || total
-------------------------+-------+-------+-------+-------++-------
Melee: War axe           |    74 |   154 |   354 |    93 ||   675
       Headbutt          |     7 |    33 |    81 |    24 ||   145
  Use: Scroll            |     6 |     6 |     7 |     2 ||    21
       Potion            |       |     1 |     2 |     3 ||     6
 Stab: Distracted        |       |       |       |     1 ||     1
  Eat: Chunk             |       |    18 |     8 |     8 ||    34
Armor: Scale mail        |    22 |    51 |       |       ||    73
       Chain mail        |       |       |   153 |       ||   153
       Plate armour      |       |       |    35 |   139 ||   174
Dodge: Dodged            |    19 |    46 |   100 |    39 ||   204
Block: Shield            |    47 |    76 |   240 |    70 ||   433
